 Dungeon Crawl Stone Soup version 0.32-a0-468-g38b2580584 (webtiles) character file.

Game seed: 4723535097106369954

270 cforsyth the Slasher (level 6, -1/72 HPs)
             Began as a Coglin Gladiator on Feb 24, 2024.
             Slain by an orc warrior
             ... wielding a +0 dire flail
              (5 damage)
             ... on level 4 of the Dungeon.
             The game lasted 00:04:59 (2902 turns).

cforsyth the Slasher (Coglin Gladiator)             Turns: 2902, Time: 00:05:00

Health: -1/72      AC: 23    Str: 14    XL:     6   Next: 22%
Magic:  6/6        EV:  2    Int:  7    God:
Gold:   100        SH:  0    Dex: 18    Spells: 5/5 levels left

rFire   . . .        a - +0 long sword {Juan}
rCold   . . .        h - +1 short sword (speed) {Chinhae}
rNeg    . . .        b - melded +0 leather armour
rPois   +            c - melded +0 helmet
rElec   .            (cloak currently unavailable)
rCorr   .            (gloves currently unavailable)
SInv    .            t - melded +0 pair of boots
Will    .....        (no amulet)
Stlth   ++           (no ring)
HPRegen 0.32/turn    (no ring)
MPRegen 0.10/turn

%: no passive effects
@: tree-form, revved
A: stationary, stasis, torment immunity, boosted hp, off-hand wielding, slow
wielding, warmup strikes, (no rings)
a: no special abilities


You were on level 4 of the Dungeon.
You were a tree.
You visited 1 branch of the dungeon, and saw 5 of its levels.

You collected 124 gold pieces.
You spent 24 gold pieces at shops.


Innate Abilities, Weirdness & Mutations

You are a tree.
Your roots penetrate the ground, keeping you stationary.
You cannot be teleported.
You are immune to unholy pain and torment.
Your maximum health is greatly increased.
Your equipment is partially melded.
You can wield a second weapon in your off-hand.
It takes a long time for you to wield or remove held weapons.
Your first few attacks do less damage.
((Your grasper-arms cannot wear rings.))


   Skills:
 + Level 4.0 Fighting
 + Level 4.5 Long Blades
 - Level 1.7 Throwing
 + Level 2.9 Armour
 - Level 2.6 Dodging


You had 5 spell levels left.
You didn't know any spells.
Your spell library contained the following spells:

 Spells                   Type           Power      Damage    Failure   Level
 Chain Lightning          Conj/Air       0%         N/A       100%        9
 Fire Storm               Conj/Fire      0%         5d1       100%        9
 Shatter                  Erth           0%         3d5*      100%        9

Inventory:

Hand Weapons
 a - a +0 long sword (weapon) {Juan}
 h - a +1 short sword of speed (offhand) {Chinhae}
Missiles
 d - 5 throwing nets (quivered) {=f}
 e - a javelin
Armour
 b - a +0 leather armour (melded)
 c - a +0 helmet (melded)
 t - a +0 pair of boots (melded)
Scrolls
 f - 2 scrolls of teleportation {unknown}
 g - a scroll of vulnerability {unknown}
 i - 3 scrolls of identify {@r1}
 k - 2 scrolls of blinking {unknown}
 n - 3 scrolls of enchant weapon {unknown}
 p - a scroll of enchant armour {unknown}
 r - a scroll of brand weapon {unknown}
 s - a scroll of poison {unknown}
Potions
 j - a potion of mutation {unknown}
 l - a potion of haste {unknown}
 o - a potion of resistance {unknown}
 q - a potion of lignification

Dungeon Overview and Level Annotations

Branches:
Dungeon (5/15)
 Temple: D:4-7

Altars:
Fedhas
Makhleb
Qazlal
Ru

Shops:
D:3

?
#...##...#......
#....#...# .....
#....#...# ....
#....#...# ...
#....#...# ..
#....#...# {
#....#W..#
#....#{{.#
#...##♣o.#
#...##)..#
#...<....##
#.........#
#.........#
#...##....#
#...##....# .
#...+....## ..
#...#....##...


You could see an orc warrior and a phantom.


Message History

You closely miss something with your +1 short sword of speed.
You hit something with your +0 long sword.
Something hits you but does no damage.
The orc warrior hits you with a +0 dire flail!
* * * LOW HITPOINT WARNING * * *
Something hits you but does no damage.
Unknown command.
You miss something with your +1 short sword of speed.
You barely miss something with your +0 long sword.
Something hits you but does no damage.
The orc warrior hits you but does no damage.
Something hits you but does no damage.
Unknown command.
You closely miss something with your +1 short sword of speed.
You hit something with your +0 long sword.
You hit the orc warrior with your +0 long sword.
The orc warrior is moderately wounded.
You hit the orc warrior but do no damage.
Something hits you but does no damage.
The orc warrior hits you but does no damage.
You hear some strange, mumbled words.
A puff of flame appears from out of thin air!
The puff of flame misses you.
You barely miss the orc warrior with your +0 long sword.
The orc warrior is moderately wounded.
You hit the orc warrior with your +1 short sword of speed.
Something hits you.
* * * LOW HITPOINT WARNING * * *
The orc warrior hits you with a +0 dire flail.
You die...

Skill      XL: |  1  2  3  4  5  6 |
---------------+-------------------+-----
Armour         | 1 2 |  2.9
Fighting       | 3 4 |  4.0
Long Blades    | 4 |  4.5
Throwing       | |  1.7
Dodging        | |  2.6

Action                     |  1- 3 |  4- 6 || total
---------------------------+-------+-------++-------
  Melee: Long sword        |    68 |    81 ||   149
         Short sword       |    23 |    83 ||   106
    Use: Potion            |       |     3 ||     3
   Stab: Sleeping          |       |     2 ||     2
 Armour: Leather armour    |    32 |    44 ||    76
         Skin              |       |    33 ||    33
  Dodge: Dodged            |    43 |    37 ||    80

Levels and vault maps discovered:
D:1:      beargit_arrival_greenhouse, layout_loops_corners
D:2:      layout_basic, basic_altar, serial_bayou_crossing, uniq_natasha
D:3:      layout_basic, mainiacjoe_overflow_tiny_flanked, jmf_multi_god_temple2,
          serial_shops, nicolae_shop_rolled_up
D:4:      layout_gridville, mainiacjoe_overflow_24_doors
D:5:      layout_rooms, nicolae_overflow_crystal_walls

Notes
Turn   | Place    | Note
-------+----------+-------------------------------------------
     0 | D:1      | cforsyth the Coglin Gladiator began the quest for the Orb.
     0 | D:1      | Reached XP level 1. HP: 16/16 MP: 1/1
    64 | D:1      | Reached XP level 2. HP: 16/22 MP: 2/2
   304 | D:1      | Reached skill level 1 in Armour
   438 | D:1      | Reached XP level 3. HP: 23/28 MP: 3/3
  1018 | D:2      | Found a blossoming altar of Fedhas.
  1224 | D:2      | Noticed Natasha
  1230 | D:2      | Killed Natasha
  1231 | D:2      | Reached skill level 3 in Fighting
  1231 | D:2      | Reached XP level 4. HP: 32/35 MP: 4/4
  1441 | D:2      | Noticed Natasha
  1445 | D:2      | Killed Natasha
  1530 | D:2      | Reached skill level 2 in Armour
  1543 | D:2      | Noticed Natasha
  1547 | D:2      | Killed Natasha
  1548 | D:2      | Reached skill level 4 in Long Blades
  1548 | D:2      | Reached XP level 5. HP: 34/41 MP: 5/5
  1937 | D:3      | You fall into a shaft and drop 2 floors!
  1937 | D:5      | Entered Level 5 of the Dungeon
  2033 | D:4      | Reached XP level 6. HP: 18/48 MP: 6/6
  2321 | D:3      | Found a burning altar of Makhleb.
  2610 | D:3      | Found a sacrificial altar of Ru.
  2632 | D:3      | Found a stormy altar of Qazlal.
  2750 | D:3      | Found Osoriarookk's Magic Scroll Shoppe.
  2753 | D:3      | Bought a scroll of identify for 24 gold pieces
  2849 | D:4      | Reached skill level 4 in Fighting
  2871 | D:4      | Noticed an orc warrior
  2898 | D:4      | HP: 6/72 [orc warrior/+0 dire flail (7)]
  2902 | D:4      | Slain by an orc warrior

Vanquished Creatures
  A scorpion (D:4)
  A sleepcap (D:5)
  Natasha (thrice) (D:2)
  An orc wizard (D:4)
  An adder (D:4)
  3 dart slugs (D:1)
  2 ribbon worms
  2 orcs
  7 endoplasms
  7 goblins
  7 hobgoblins
  A quokka (D:3)
  8 ball pythons
  4 bats
  9 frilled lizards
  5 kobolds
  4 rats
66 creatures vanquished.

Table legend: (Time is in decaauts)
 A = Elapsed time spent in this place.
 B = Non-inter-level travel time spent in this place.
 C = Inter-level travel time spent in this place.
 D = Time resting spent in this place.
 E = Time spent auto-exploring this place.
 F = Levels seen in this place.
 G = Mean time per level.
                   A        B        C        D        E       F      G
               +--------+--------+--------+--------+--------+-----+--------+
         Total |   2908 |   2824 |     84 |     25 |   2318 |   5 |  581.6 |
       Dungeon |   2908 |   2824 |     84 |     25 |   2318 |   5 |  581.6 |
               +--------+--------+--------+--------+--------+-----+--------+

Top non-repeatable levels by time:
     D:1: 948 daAuts
     D:2: 854 daAuts
     D:3: 764 daAuts
     D:4: 269 daAuts
     D:5: 72 daAuts

Table legend:
 A = Non-vault XP
 B = Vault XP
 C = Vault XP percentage of total XP
 D = Non-vault monster count
 E = Vault monster count
 F = Vault count percentage of total count
                 A         B        C        D         E       F
            +---------+---------+-------+---------+---------+-------
      Total |     347 |      40 |  10.3 |      63 |       3 |   4.5
            +---------+---------+-------+---------+---------+-------
        D:1 |      52 |       0 |   0.0 |      30 |       0 |   0.0
        D:2 |      90 |      35 |  28.0 |      14 |       1 |   6.7
        D:3 |      22 |       5 |  18.5 |      12 |       2 |  14.3
        D:4 |     143 |       0 |   0.0 |       6 |       0 |   0.0
        D:5 |      40 |       0 |   0.0 |       1 |       0 |   0.0
            +---------+---------+-------+---------+---------+-------
